 Dungeon Crawl Stone Soup version 0.15-a0-225-ga4013df (webtiles) character file.

112 PolkaDot the Vexing (level 3, -2/24 HPs)
             Began as a Vampire Enchanter on Apr 25, 2014.
             Slain by a gnoll
             ... wielding a +0,+0 spear
              (6 damage)
             ... while paralysed by a potion of paralysis
             ... on Level 2 of the Dungeon.
             The game lasted 00:06:39 (1468 turns).

PolkaDot the Vexing (Vampire Enchanter)             Turns: 1468, Time: 00:06:40

HP  -2/24        AC  4     Str  7      XL: 3   Next: 82%
MP   6/6         EV  2     Int 17      God:
Gold 52          SH  0     Dex 20      Spells:  2 memorised,  3 levels left

rFire  + . .     SeeInvis +     a - +1 dagger
rCold  + . .     Clarity  .     b - +1 robe
rNeg   . . .     Conserve .     (no shield)
rPois  +         rCorr    .     (no helmet)
rElec  +         rRot     .     (no cloak)
SustAb . .       Spirit   .     (no gloves)
rMut   .         Warding  .     p - +0 pair of boots
Saprov . . .     Stasis   .     (no amulet)
MR     .....                    (no ring)
                                (no ring)

@: paralysed, regenerating very quickly, agile, very slightly contaminated,
hasted, not resistant to hostile enchantments, very stealthy
A: fangs 3, see invisible, unbreathing
a: no special abilities


You were on level 2 of the Dungeon.
You were almost alive.

You visited 1 branch of the dungeon, and saw 2 of its levels.

You collected 52 gold pieces.

Inventory:

Hand weapons
 a - a +1,+1 dagger (weapon)
Missiles
 d - 9 darts (quivered)
Armour
 b - a +1 robe (worn)
 p - a +0 pair of boots (worn)
Scrolls
 e - 2 scrolls of fear {unknown}
 f - a scroll of teleportation {unknown}
 g - a scroll of amnesia {unknown}
 h - 2 scrolls of identify {unknown}
 j - 2 scrolls of immolation {unknown}
 l - a scroll of recharging {unknown}
 m - a scroll of remove curse {unknown}
Books
 c - a book of Maledictions

   Spells                             Type                      Level
   *Corona                            Hexes                        1
   Sure Blade                         Hexes/Charms                 2
   *Ensorcelled Hibernation           Hexes/Ice                    2
   Confuse                            Hexes                        3
   Dazzling Spray                     Conjuration/Hexes            3
   Enslavement                        Hexes                        4


   Skills:
 + Level 2.2 Short Blades
 - Level 0.7 Throwing
 - Level 2.1 Dodging
 + Level 4.0 Stealth
 - Level 2.0 Spellcasting
 * Level 5.8 Hexes


You had 3 spell levels left.
You knew the following spells:

 Your Spells              Type           Power        Failure   Level  Hunger
a - Corona                Hex            ###....      1%          1    #......
d - Ensorcelled Hibernat  Hex/Ice        ##....       12%         2    ###....


Dungeon Overview and Level Annotations

Branches:
Dungeon (2/15)

Altars:


Innate Abilities, Weirdness & Mutations

Your natural rate of healing is extremely fast.
You have razor-sharp teeth.*
You have supernaturally acute eyesight.
You can survive without breathing.*


Message History

The gnoll hits you. The gnoll barely misses you.
Drink which item? (? for menu, Esc to quit)
You feel agile all of a sudden.
It was a potion of agility.
The gnoll closely misses you. The gnoll closely misses you.
Drink which item? (? for menu, Esc to quit)
You feel protected.
It was a potion of resistance.
The gnoll closely misses you. The gnoll closely misses you.
Drink which item? (? for menu, Esc to quit)
You feel yourself speed up.
It was a potion of haste.
The gnoll hits you!
The gnoll hits you from afar with a spear.
You are very lightly contaminated with residual magic.
Drink which item? (? for menu, Esc to quit)
You suddenly lose the ability to move!
It was a potion of paralysis.
The gnoll hits you but does no damage. The gnoll barely misses you.
The gnoll hits you.
* * * LOW HITPOINT WARNING * * *
The gnoll hits you from afar with a spear.
You die...

#..........# #
#..........#### ######
#..<..........# #.....
#..........##...+.....
#..!.......# ###.....
#......>...# #.....
#..........# ##+##
#..........#
#####@##.### #g##..#
#g###..# #g# #.l# #g#
#+# ... ... ... ...


You could see 4 gnolls.

Vanquished Creatures
  3 adders
  A giant gecko (D:1)
  6 bats
  A giant cockroach (D:1)
  4 goblins
  5 hobgoblins (D:1)
  3 oozes
  2 giant newts
  3 rats
28 creatures vanquished.

Notes
Turn   | Place    | Note
--------------------------------------------------------------
     0 | D:1      | PolkaDot, the Vampire Enchanter, began the quest for the Orb.
     0 | D:1      | Reached XP level 1. HP: 13/13 MP: 3/3
   238 | D:1      | Reached XP level 2. HP: 8/19 MP: 2/4
   242 | D:1      | Learned a level 2 spell: Ensorcelled Hibernation
   366 | D:1      | Reached skill level 5 in Hexes
   837 | D:1      | Reached XP level 3. HP: 24/24 MP: 6/6
  1466 | D:2      | Paralysed by a potion of paralysis for 2 turns
  1468 | D:2      | Slain by a gnoll

Action                   || total
-------------------------++-------
Melee: Dagger            ||    82
Throw: Dart              ||    16
 Cast: Corona            ||    12
       Ensorcelled Hiber ||     6
  Use: Potion            ||     5
 Stab: Sleeping          ||     9
